 Dungeon Crawl Stone Soup version 0.31-a0-750-gfe7b580527 (webtiles) character file.

Game seed: 14470482332298052089

22 GloriousHammer the Ruffian (level 2, 0/18 HPs)
             Began as an Octopode Shapeshifter on Sept 14, 2023.
             Frozen to death by an endoplasm (2 damage)
             ... on level 2 of the Dungeon.
             The game lasted 00:01:30 (853 turns).

GloriousHammer the Ruffian (Octopode Shapeshifter)   Turns: 853, Time: 00:01:30

Health: 0/18       AC:  1    Str: 13    XL:     2   Next: 91%
Magic:  2/2        EV: 13    Int: 12    God:
Gold:   55         SH:  0    Dex: 11    Spells: 1/1 levels left

rFire   . .          .
                       - Unarmed
rCold   . . .        (no shield)
rNeg    . . .        (helmet currently unavailable)
rPois   .            (no amulet)
rElec   .            (no ring)
rCorr   .            (no ring)
SInv    .            (no ring)
Will    .....        (no ring)
Stlth   ++           (no ring)
HPRegen 0.23/turn    (no ring)
MPRegen 0.08/turn    (no ring)
                     (no ring)

%: no passive effects
@: beast-form
A: beast (slay +1), almost no armour, amphibious, 8 rings, camouflage 1,
gelatinous body 1, (nimble swimmer 1), tentacles
a: Begin Untransformation


You were on level 2 of the Dungeon.
You were a hulking beast.
You visited 1 branch of the dungeon, and saw 2 of its levels.

You collected 55 gold pieces.

Inventory:

Talismans
 b - a beast talisman (active)
 c - a flux talisman
Scrolls
 e - a scroll of blinking {unknown}
Potions
 a - a potion of lignification
 d - a potion of berserk rage {unknown}


   Skills:
 - Level 1.0 Fighting
 - Level 2.0 Dodging
 + Level 3.5 Unarmed Combat
 + Level 3.4 Shapeshifting


You had one spell level left.
You didn't know any spells.
Your spell library was empty.

Dungeon Overview and Level Annotations

Branches:
Dungeon (2/15)

Altars:


Innate Abilities, Weirdness & Mutations

You are a hulking beast.
Your limbs bulge with bestial killing power. (Slay +1)
You cannot wear most types of armour.
You are amphibious.
You can wear up to eight rings at the same time.
Your skin changes colour to match your surroundings (Stealth+).
Your rubbery body absorbs attacks. (AC +1, EV +1)
((You are camouflaged when in or above water. (Stealth+)))
You have tentacles for arms and can constrict up to eight enemies at once.


Message History

You tentacle-slap the ball python but do no damage.
Your grab misses the ball python. The ball python closely misses you.
The ball python misses you.
You tentacle-slap the ball python but do no damage.
You grab the ball python. You constrict the ball python.
The ball python bites you. The ball python grabs you.
The ball python constricts you.
You tentacle-slap the ball python.
You kill the ball python!
The goblin shouts!
You closely miss the goblin. Your grab misses the goblin.
The goblin closely misses you.
You tentacle-slap the goblin. Your grab misses the goblin.
Your squeeze misses the goblin.
The goblin is severely wounded.
The goblin misses you.
You barely miss the goblin. You grab the goblin. You squeeze the goblin.
You kill the goblin!
You see here a +0 dagger.
e - a scroll labelled YDATOAKEGI
Found a stone staircase leading down.
A bat comes into view.
A bat is nearby!
A bat is nearby!
The helpless bat fails to defend itself.
You tentacle-slap the bat.
You kill the bat!
There is a stone staircase leading down here.
A kobold comes into view. It is wielding a +0 short sword.
The kobold shouts!
A kobold is nearby!
A kobold is nearby!
The kobold misses you.
You closely miss the kobold. Your grab misses the kobold.
The kobold hits you but does no damage.
You barely miss the kobold. You grab the kobold. You squeeze the kobold.
The kobold is severely wounded.
You constrict the kobold.
You kill the kobold!
Things that are here:
a +0 short sword; a kobold corpse
Found a faded altar of an unknown god.
You see here 3 stones.
You see here 3 stones.
You see here a +0 ring mail.
Key pressed, stopping explore.
Things that are here:
a +0 short sword; a kobold skeleton You now have 55 gold pieces (gained 12).
There is a faded altar of an unknown god here.
There is an empty arch of ancient stone here.
Done exploring.
Done exploring.
Done exploring.
Search for what [? for help]? .
Search for what [Enter for "."]? .
Things that are here:
a +0 short sword; a kobold skeleton
There is a stone staircase leading down here.
You climb downwards.
Found 14 gold pieces, a book of Cantrips and a scroll labelled NAISUUSYPP.
There is a stone staircase leading up here.
There are monsters nearby!
You tentacle-slap the worm but do no damage.
You grab the worm. You constrict the worm.
The endoplasm quivers.
The gnoll shouts! x2; You hear a shout! x2
You release your grip on the worm.
The worm bites you.
You climb upwards.
There is a stone staircase leading down here.
You barely miss the worm. You grab the worm. You constrict the worm.
You bludgeon the worm! You squeeze the worm!
The worm is almost dead.
You constrict the worm.
You kill the worm!
You see here a worm corpse.
Search for what [Enter for "."]? .
HP restored.
Things that are here:
a +0 short sword; a kobold skeleton
There is a faded altar of an unknown god here.
This altar belongs to (a) Gozag, (b) Ru or (c) Elyvilon, but you can't tell which.
Press the corresponding letter to learn more about a god, or press enter to convert or escape to cancel.
Okay, then.
Things that are here:
a +0 short sword; a kobold skeleton
There is a stone staircase leading down here.
You climb downwards.
A bat comes into view.
The endoplasm freezes you.
You are frozen.
The gnoll hits you with a +0 club.
A gnoll comes into view.
It is wielding a +1 whip of electrocution.
The gnoll closely misses you. The endoplasm hits you.
The gnoll throws a throwing net.
The throwing net barely misses you. The worm bites you.
* * * LOW HITPOINT WARNING * * *
There is a stone staircase leading up, spattered with blood here.
The gnoll closely misses you. The endoplasm freezes you.
You are frozen.
You die...

...............
...............
...............
?..........g.g.
.............g.
......b........
.......g.......
.......hw..$...
#....(J.......#
#.....:.......#
#..............
#..............
...............
..........#####
...b.......


You could see a worm, 4 gnolls, an endoplasm and 2 bats.

Vanquished Creatures
  A worm (D:1)
  An endoplasm (D:1)
  A giant cockroach (D:1)
  4 goblins (D:1)
  A hobgoblin (D:1)
  A quokka (D:1)
  3 ball pythons (D:1)
  A bat (D:1)
  A frilled lizard (D:1)
  4 kobolds (D:1)
18 creatures vanquished.

Notes
Turn   | Place    | Note
-------+----------+-------------------------------------------
     0 | D:1      | GloriousHammer the Octopode Shapeshifter began the quest
                  | for the Orb.
     0 | D:1      | Reached XP level 1. HP: 13/13 MP: 1/1
   160 | D:1      | Reached XP level 2. HP: 18/18 MP: 2/2
   505 | D:1      | Found a faded altar of an unknown god.
   853 | D:2      | Frozen to death by an endoplasm

Illustrated notes

Levels and vault maps discovered:
D:1:      sevenhm_arrival_forest_fort_large_3, layout_loops_ring,
          shapermc_ecumenical_altar_venn
D:2:      layout_rooms, basic_altar

Action                     || total
---------------------------++-------
  Melee: Unarmed           ||    44
         Constrict         ||    12
         Tentacles         ||     7
         Punch             ||     1
   Stab: Sleeping          ||     3
 Armour: Skin              ||    17
  Dodge: Dodged            ||    30

Table legend: (Time is in decaauts)
 A = Elapsed time spent in this place.
 B = Non-inter-level travel time spent in this place.
 C = Inter-level travel time spent in this place.
 D = Time resting spent in this place.
 E = Time spent auto-exploring this place.
 F = Levels seen in this place.
 G = Mean time per level.
                   A        B        C        D        E       F      G
               +--------+--------+--------+--------+--------+-----+--------+
         Total |    851 |    769 |     82 |      0 |    627 |   2 |  425.5 |
       Dungeon |    851 |    769 |     82 |      0 |    627 |   2 |  425.5 |
               +--------+--------+--------+--------+--------+-----+--------+

Top non-repeatable levels by time:
     D:1: 845 daAuts
     D:2: 6 daAuts
